[Event "Titled Tuesday Blitz May 10 Late 2022"]
[White "Lehtosaari, Mauri"]
[Black "Khripachenko, Alexander"]
[WhiteFideId "501999"]
[BlackFideId "54184975"]
[WhiteElo "2523"]
[BlackElo "2138"]
[Result "0-1"]
[Round "09"]
[TimeControl "180+1"]
[Date "2022.05.10"]
[WhiteClock "0:00:14"]
[BlackClock "0:01:45"]

1. d4 Nf6 2. Nf3 g6 3. Bg5 Bg7 4. Nbd2 O-O 5. e3 c5 6. Be2 d5 7. O-O Nc6 8. c3 b6 9. a4 Bb7 10. Qb1 h6 11. Bf4 Nh5 12. Bg3 Nxg3 13. hxg3 e6 14. b4 cxb4 15. cxb4 Rc8 16. a5 Qd6 17. axb6 axb6 18. b5 Na5 19. Qa2 Ra8 20. Rfc1 Rfc8 21. Rxc8+ Rxc8 22. Qb2 Bf8 23. Rc1 Qa3 24. Qxa3 Bxa3 25. Rxc8+ Bxc8 26. Ne5 Kg7 27. Kf1 f6 28. Nc6 Nxc6 29. bxc6 Kf7 30. Bb5 Ke7 31. Ke2 Kd6 32. Kd3 Bb4 33. Nf3 e5 34. e4 dxe4+ 35. Kxe4 Bf5+ 36. Ke3 exd4+ 37. Kxd4 Bc5+ 38. Kc4 Bxf2 39. Nd4 Be4 40. c7 Kxc7 41. Ne6+ Kd6 42. Nf4 Bxg3 0-1


[Site "https://www.chess.com"]

[Event "Titled Tuesday Blitz May 10 Late 2022"]
[White "Leitao, Rafael"]
[Black "Souleidis, Georgios"]
[WhiteFideId "2101246"]
[BlackFideId "4206827"]
[WhiteElo "2609"]
[BlackElo "2401"]
[Result "1-0"]
[Round "09"]
[TimeControl "180+1"]
[Date "2022.05.10"]
[WhiteClock "0:00:15"]
[BlackClock "0:00:03"]

1. e4 e5 2. Nf3 d6 3. Bc4 Nf6 4. d3 Be7 5. O-O O-O 6. c3 c5 7. h3 Nc6 8. a4 Be6 9. Na3 Qd7 10. Re1 Rac8 11. Bd2 h6 12. b4 cxb4 13. cxb4 Bxc4 14. Nxc4 Nd8 15. Ne3 Re8 16. Nf5 Bf8 17. d4 exd4 18. N3xd4 Nxe4 19. Qg4 Nf6 20. Nxh6+ Kh7 21. Qxd7 Rxe1+ 22. Rxe1 Nxd7 23. Nhf5 g6 24. Ng3 Ne5 25. Ne4 Rc4 26. Nb5 Nd3 27. Re3 Nxb4 28. Nexd6 Bxd6 29. Nxd6 Rd4 30. Bc3 Rd1+ 31. Kh2 Nd5 32. Re8 Nxc3 33. Rxd8 Ne4 34. Nxb7 Rxd8 35. Nxd8 Nxf2 36. Nxf7 Ne4 37. h4 Nc5 38. a5 Nb7 39. a6 Nc5 40. Nd6 Nxa6 41. Nb5 Nc5 42. Nxa7 Ne6 43. Kg3 Kh6 44. Kg4 Nd4 45. Nc8 Nc6 46. Nd6 Ne5+ 47. Kf4 Nd3+ 48. Ke4 Ne1 49. g3 g5 50. Nf7+ Kh5 51. hxg5 Ng2 52. Kf5 Ne3+ 53. Kf6 Nd5+ 54. Ke6 Nc7+ 55. Kf6 Nd5+ 56. Kg7 Ne7 57. Kh7 Ng6 58. g4+ 1-0


[Site "https://www.chess.com"]

[Event "Titled Tuesday Blitz May 10 Late 2022"]
[White "Leiva, Gianmarco"]
[Black "Bettalli, Francesco"]
[WhiteFideId "3804399"]
[BlackFideId "2816453"]
[WhiteElo "2323"]
[BlackElo "2216"]
[Result "0-1"]
[Round "09"]
[TimeControl "180+1"]
[Date "2022.05.10"]
[WhiteClock "0:00:08"]
[BlackClock "0:00:23"]

1. d4 Nf6 2. Bf4 d5 3. Nc3 c5 4. e3 Qa5 5. dxc5 Nc6 6. Bb5 a6 7. Bxc6+ bxc6 8. Qd4 e6 9. b4 Qa3 10. Rb1 a5 11. Bd6 Bxd6 12. cxd6 axb4 13. Qxb4 Qxb4 14. Rxb4 Kd7 15. Nf3 Kxd6 16. e4 Nd7 17. O-O Ba6 18. Rd1 Rhb8 19. a3 Bc8 20. exd5 cxd5 21. Ng5 Ke7 22. Re1 Kf6 23. h4 h6 24. Rf4+ Kg6 25. Nxf7 Rxa3 26. Rxe6+ Nf6 27. Ne5+ Kh7 28. Rc6 Bb7 29. Rc7 Ne8 30. Rc5 Rd8 31. Ne2 Ra1+ 32. Kh2 Re1 33. Nf7 Rd7 34. Nd4 Nf6 35. Rxf6 gxf6 36. Nd6 Rxd6 37. Rc7+ Kg6 38. Rxb7 Re4 39. Nf3 Rc6 40. Rd7 Rxc2 41. Rxd5 Rxf2 42. h5+ Kf7 43. Kg3 Ree2 44. Rd7+ Ke6 45. Rh7 Rxg2+ 46. Kf4 Rgf2 47. Rxh6 Ra2 48. Kg3 Rg2+ 49. Kf4 Ra4+ 50. Ke3 Ra3+ 51. Ke4 Re2+ 52. Kf4 Rf2 53. Kg4 Rfxf3 54. Rh8 Rg3+ 55. Kf4 Raf3+ 56. Ke4 f5+ 57. Kd4 Rg4+ 58. Kc5 Rc3+ 59. Kb5 f4 60. h6 Rh3 61. h7 Rgh4 62. Re8+ Kf5 63. Rf8+ Ke4 64. Re8+ Kf3 65. h8=Q Rxh8 66. Rxh8 Rxh8 0-1


[Site "https://www.chess.com"]

[Event "Titled Tuesday Blitz May 10 Late 2022"]
[White "Lewicki, Miroslaw"]
[Black "Jones, Gawain C B"]
[WhiteFideId "1113380"]
[BlackFideId "409561"]
[WhiteElo "2283"]
[BlackElo "2657"]
[Result "0-1"]
[Round "09"]
[TimeControl "180+1"]
[Date "2022.05.10"]
[WhiteClock "0:00:02"]
[BlackClock "0:00:28"]

1. b3 g6 2. Bb2 Nf6 3. Nf3 Bg7 4. e4 d6 5. Be2 O-O 6. d3 c5 7. O-O Nc6 8. Nbd2 e5 9. c3 d5 10. Qc2 Re8 11. Rfe1 h6 12. Bf1 b6 13. Rad1 Bb7 14. exd5 Nxd5 15. Nc4 Qf6 16. d4 exd4 17. cxd4 Rxe1 18. Rxe1 Nxd4 19. Nxd4 cxd4 20. Rd1 Nc3 21. Re1 b5 22. Ne5 Re8 23. Nd7 Qd8 24. Rxe8+ Qxe8 25. Nc5 Bc6 26. b4 Nxa2 27. Na6 Nc3 28. Qd3 Qe1 29. Nc5 h5 30. Nb3 Bd5 31. Nd2 Qd1 32. h3 Be6 33. Ne4 Bc4 34. Qxd1 Nxd1 35. Bxc4 bxc4 36. Bc1 c3 37. Kf1 d3 38. Ke1 Nb2 39. Bd2 cxd2+ 40. Kxd2 f5 41. Nc5 Bh6+ 42. Kc3 d2 0-1


[Site "https://www.chess.com"]

[Event "Titled Tuesday Blitz May 10 Late 2022"]
[White "Lewtak, Damian"]
[Black "Romanchuk, Viktor"]
[WhiteFideId "1141724"]
[BlackFideId "14109271"]
[WhiteElo "2362"]
[BlackElo "2242"]
[Result "1-0"]
[Round "09"]
[TimeControl "180+1"]
[Date "2022.05.10"]
[WhiteClock "0:00:08"]
[BlackClock "0:00:02"]

1. c4 c6 2. e4 d5 3. cxd5 cxd5 4. exd5 Qxd5 5. Nc3 Qd8 6. Nf3 Nf6 7. Bc4 e6 8. O-O Be7 9. d4 O-O 10. Re1 Nbd7 11. Bb3 Nb6 12. Ne5 Bd7 13. Qf3 Bc6 14. Nxc6 bxc6 15. Qxc6 Qxd4 16. Be3 Qb4 17. Rad1 Rfc8 18. Qb5 Nc4 19. Bxc4 Qxc4 20. Qb7 Qc7 21. Qf3 Rab8 22. Bf4 Qb7 23. Bxb8 Qxf3 24. gxf3 Rxb8 25. Re2 g6 26. Red2 Kg7 27. Kf1 Rb4 28. a3 Rh4 29. Kg1 Rf4 30. Kg2 Rh4 31. Re1 Nh5 32. Ne2 Bc5 33. Rc1 Bb6 34. Rd7 Nf6 35. Rd2 Rh5 36. f4 Nd5 37. h3 Rf5 38. Rc4 h6 39. Kg3 g5 40. fxg5 hxg5 41. Nc3 Kg6 42. Nxd5 exd5 43. Rc3 d4 44. Rf3 Rd5 45. Kg2 f5 46. b4 g4 47. hxg4 fxg4 48. Rb3 Kf5 49. a4 Ke4 50. a5 Bc7 51. Re2+ Kf4 52. Rd3 Bd6 53. Rb2 a6 54. Rdb3 Rb5 55. Kf1 Ke4 56. Ke2 Be7 57. Kd1 Kd5 58. Kc2 Kc4 59. Rg3 Rxb4 60. Rxb4+ Bxb4 61. Rxg4 Bxa5 62. Rg6 d3+ 63. Kd1 Kb5 64. f4 Bc3 65. f5 a5 66. f6 a4 67. f7 Bb4 68. Rg4 1-0


[Site "https://www.chess.com"]

[Event "Titled Tuesday Blitz May 10 Late 2022"]
[White "Lin, Dachey"]
[Black "Alexiadis, Hristos"]
[WhiteFideId "2029650"]
[BlackFideId "4249623"]
[WhiteElo "2313"]
[BlackElo "2416"]
[Result "1/2-1/2"]
[Round "09"]
[TimeControl "180+1"]
[Date "2022.05.10"]
[WhiteClock "0:00:09"]
[BlackClock "0:00:05"]

1. g4 d5 2. Bg2 c6 3. g5 e5 4. d4 e4 5. f3 exf3 6. Nxf3 h6 7. h4 hxg5 8. hxg5 Rxh1+ 9. Bxh1 Bd6 10. Nc3 Bf5 11. Be3 Qe7 12. Qd2 Nd7 13. O-O-O O-O-O 14. Bf4 Nb6 15. Bxd6 Qxd6 16. Ne5 Be6 17. Qf4 f6 18. gxf6 Nxf6 19. Nd3 Qe7 20. Bf3 Nbd7 21. Rg1 Rf8 22. Qg5 Rf7 23. a3 Ne8 24. Bh5 Qxg5+ 25. Rxg5 Rf1+ 26. Kd2 Nd6 27. b3 Nf6 28. Bf3 Nf5 29. Nc5 Nxd4 30. Rxg7 Nd7 31. Nxe6 Nxe6 32. Re7 Nef8 33. Nd1 Kd8 34. Rf7 Rg1 35. Ne3 Rg6 36. c4 dxc4 37. Nxc4 Ne6 38. Rxd7+ Kxd7 39. Ne5+ Kd6 40. Nxg6 Nc5 41. b4 Ne6 42. Nh4 Nd4 43. Be4 Nb5 44. a4 Nc7 45. Bd3 Nd5 46. b5 cxb5 47. axb5 Nb4 48. Kc3 Kc5 49. Bc4 a6 50. bxa6 bxa6 51. Nf3 a5 52. Nd2 Nc6 53. Nb3+ Kb6 54. Bd5 Ne5 55. Nd2 Kc5 56. Bb3 Kb5 57. Bc2 a4 58. Nc4 Nc6 59. Na3+ Ka5 60. Kc4 Ne5+ 61. Kc5 Nd7+ 62. Kd6 Nf6 63. Ke5 Ng4+ 64. Kd4 Kb4 65. Nc4 a3 66. Bb1 Kb3 67. Nd2+ Kb2 68. e4 a2 69. Bxa2 Kxa2 70. Nc4 Kb3 71. Ne3 Nf6 72. e5 Ne8 73. Kd5 Kb4 74. Kc6 Kc3 75. e6 Kd4 76. e7 Kxe3 77. Kd7 Nf6+ 78. Ke6 Ne8 79. Kf7 Nc7 80. Kf6 Kd4 81. e8=Q Nxe8+ 1/2-1/2


[Site "https://www.chess.com"]

[Event "Titled Tuesday Blitz May 10 Late 2022"]
[White "Malka, Samuel"]
[Black "Gatterer, Florian"]
[WhiteFideId "20643675"]
[BlackFideId "811688"]
[WhiteElo "2523"]
[BlackElo "2218"]
[Result "1/2-1/2"]
[Round "09"]
[TimeControl "180+1"]
[Date "2022.05.11"]
[WhiteClock "0:00:03"]
[BlackClock "0:00:01"]

1. e4 c6 2. d4 d5 3. exd5 cxd5 4. c4 Nf6 5. Nc3 Nc6 6. cxd5 Nxd5 7. Bc4 Be6 8. Bxd5 Bxd5 9. Nxd5 Qxd5 10. Nf3 e5 11. dxe5 Qxd1+ 12. Kxd1 O-O-O+ 13. Kc2 Bc5 14. Bd2 Rhe8 15. Bc3 Bxf2 16. Rhf1 Bd4 17. Rae1 Bxc3 18. Kxc3 h6 19. Re2 f6 20. Rfe1 fxe5 21. Nxe5 Nxe5 22. Rxe5 Rxe5 23. Rxe5 Rd7 24. Re6 Rf7 25. Rg6 Kd7 26. h4 Ke7 27. h5 Kf8 28. Rd6 Rc7+ 29. Kd3 Ke7 30. Rd4 Kf6 31. g4 Kg5 32. Re4 Rd7+ 33. Ke3 Rc7 34. b3 b6 35. Ra4 Rd7 36. Kf3 Rf7+ 37. Kg3 Rd7 38. Rc4 Rd3+ 39. Kg2 Kh4 40. Rc7 Rd2+ 41. Kf3 Rxa2 42. Rxg7 Rb2 43. b4 Rb3+ 44. Kf2 Rxb4 45. g5 Rb2+ 46. Ke3 hxg5 47. h6 Kg4 48. h7 Rh2 49. Rxa7 b5 50. Rb7 b4 51. Rxb4+ Kf5 52. Kf3 Kg6 53. h8=Q Rxh8 54. Kg3 Rh4 55. Rxh4 gxh4+ 56. Kxh4 1/2-1/2


[Site "https://www.chess.com"]

[Event "Titled Tuesday Blitz May 10 Late 2022"]
[White "Melikyan, Gnel"]
[Black "Can, Melih Kaan"]
[WhiteFideId "54109990"]
[BlackFideId "6317383"]
[WhiteElo "2638"]
[BlackElo "2426"]
[Result "1-0"]
[Round "09"]
[TimeControl "180+1"]
[Date "2022.05.11"]
[WhiteClock "0:01:31"]
[BlackClock "0:01:27"]

1. g3 c6 2. Bg2 d5 3. Nf3 Nf6 4. O-O Bf5 5. c4 e6 6. Qb3 Qb6 7. d3 Nbd7 8. Nc3 Be7 9. Na4 Qxb3 10. axb3 O-O 11. Be3 Ng4 12. Bg5 Bxg5 13. Nxg5 h6 14. Nf3 Rfc8 15. Rfc1 Kf8 16. b4 dxc4 17. dxc4 Nge5 18. Nxe5 Nxe5 19. Nc5 b6 20. Nb3 Ke7 21. Nd4 c5 22. Nxf5+ exf5 23. Bxa8 Rxa8 24. bxc5 bxc5 25. Ra5 Nd7 26. Rca1 Rb8 27. Rxa7 Rxb2 28. Rd1 Rxe2 29. Rdxd7+ Kf6 30. Rxf7+ Kg5 31. Rxg7+ Kh5 32. Raf7 Re5 33. Kg2 f4 34. Rxf4 Re4 35. Rf5# 1-0


[Site "https://www.chess.com"]

[Event "Titled Tuesday Blitz May 10 Late 2022"]
[White "Moral Garcia, Serafin"]
[Black "Romero Ruscalleda, Josep"]
[WhiteFideId "2201925"]
[BlackFideId "2231859"]
[WhiteElo "2228"]
[BlackElo "2315"]
[Result "1-0"]
[Round "09"]
[TimeControl "180+1"]
[Date "2022.05.11"]
[WhiteClock "0:01:05"]
[BlackClock "0:00:12"]

1. e4 g6 2. d4 Bg7 3. Nc3 d6 4. f4 a6 5. Nf3 b5 6. Bd3 Nd7 7. Qe2 Bb7 8. e5 e6 9. Ne4 Bxe4 10. Bxe4 d5 11. Bd3 Ne7 12. O-O c5 13. c3 O-O 14. Be3 c4 15. Bc2 a5 16. Bf2 Nc6 17. Bh4 Qb6 18. Kh1 b4 19. g4 Rab8 20. f5 Rfe8 21. f6 Bf8 22. Bg5 bxc3 23. bxc3 Qb2 24. Qd2 Nb4 25. cxb4 axb4 26. Bh6 c3 27. Qg5 Rec8 28. Bxf8 Kxf8 29. Bd3 c2 30. Rac1 Qxa2 31. Qh6+ Ke8 32. Ng5 Nf8 33. Nxh7 Nxh7 34. Qxh7 b3 35. Qg8+ Kd7 36. Qxf7+ Kc6 37. Qxe6+ Kb7 38. Qxd5+ Kc7 39. Qd6+ Kb7 40. Be4+ Ka7 41. f7 b2 42. Qd7+ Ka6 43. Bd3+ Ka5 44. Qa7+ Kb4 45. Qxa2 Kc3 46. Rxc2+ Kxd3 47. Rxc8 1-0


[Site "https://www.chess.com"]

[Event "Titled Tuesday Blitz May 10 Late 2022"]
[White "Nagy, Gabor"]
[Black "Suleymanli, Aydin"]
[WhiteFideId "737119"]
[BlackFideId "13413937"]
[WhiteElo "2569"]
[BlackElo "2481"]
[Result "0-1"]
[Round "09"]
[TimeControl "180+1"]
[Date "2022.05.10"]
[WhiteClock "0:00:24"]
[BlackClock "0:00:05"]

1. c4 e5 2. Nc3 Nc6 3. g3 Bb4 4. Bg2 Bxc3 5. dxc3 d6 6. e4 f5 7. exf5 Bxf5 8. Nf3 Nf6 9. O-O O-O 10. c5 d5 11. Bg5 Be4 12. Re1 h6 13. Bxf6 Qxf6 14. Re3 Rad8 15. Qe2 Kh8 16. Re1 a6 17. b4 a5 18. b5 Nb8 19. Rxe4 dxe4 20. Qxe4 Rd2 21. Nxd2 Qxf2+ 22. Kh1 Qxd2 23. Qxe5 Nd7 24. Qe7 Rf7 25. Qe8+ Rf8 26. Qe3 Qxe3 27. Rxe3 Nxc5 28. Re7 Rf2 29. Rxc7 b6 30. Bd5 Rd2 31. Bc4 Rc2 32. Bf7 g5 33. Rc6 Kg7 34. Bb3 Rxc3 35. Kg2 a4 36. Bd5 Rc2+ 37. Kh3 Rd2 38. Bc4 Rc2 39. Bd5 Rd2 40. Bf3 Rxa2 41. Rxb6 Nd3 42. Bd5 Rb2 43. Ra6 Nf2+ 44. Kg2 Ng4+ 45. Kf3 Nxh2+ 46. Ke4 Rb4+ 47. Kf5 Rxb5 48. Ra7+ Kf8 49. Ke6 Rb6+ 50. Kf5 Nf1 51. Ra8+ Ke7 52. Ke5 Nxg3 53. Rxa4 Ne2 54. Ra7+ Kd8 55. Ra8+ Kc7 56. Ra7+ Kb8 57. Ra8+ Kc7 58. Ra7+ Kc8 59. Ra8+ Rb8 60. Ra6 Nf4 61. Rxh6 Rb5 62. Rd6 Kc7 63. Rc6+ Kd7 64. Ke4 Rxd5 65. Ra6 Rb5 66. Kf3 Ne6 67. Kg4 Ke7 68. Ra1 Kf6 69. Rf1+ Kg6 70. Re1 Rb4+ 71. Kg3 Kf5 72. Rxe6 Kxe6 0-1


[Site "https://www.chess.com"]

[Event "Titled Tuesday Blitz May 10 Late 2022"]
[White "Nakamura, Hikaru"]
[Black "Melkumyan, Hrant"]
[WhiteFideId "2016192"]
[BlackFideId "13302485"]
[WhiteElo "2850"]
[BlackElo "2604"]
[Result "1-0"]
[Round "09"]
[TimeControl "180+1"]
[Date "2022.05.10"]
[WhiteClock "0:00:14"]
[BlackClock "0:00:03"]

1. Nf3 d5 2. e3 Nf6 3. c4 e6 4. b3 Be7 5. Bb2 O-O 6. d4 c5 7. dxc5 Nc6 8. a3 Bxc5 9. b4 Be7 10. Nbd2 b6 11. Bd3 Bb7 12. Qe2 a5 13. b5 Nb8 14. O-O Nbd7 15. Rfd1 Nc5 16. Bc2 Rc8 17. Rac1 h6 18. cxd5 Nxd5 19. Nc4 Bf6 20. Nfe5 Qc7 21. Bd4 Rfd8 22. g3 Be7 23. Bb1 Nf6 24. Ng4 Nxg4 25. Qxg4 Bf8 26. Be5 Rxd1+ 27. Rxd1 Qe7 28. Nxb6 Rd8 29. Qe2 Ne4 30. Rxd8 Qxd8 31. Nc4 Ng5 32. e4 Bc5 33. Kg2 f5 34. h4 Nxe4 35. f3 Nf6 36. Bd6 Qc8 37. Bxc5 Qxc5 38. Qxe6+ Kh8 39. Nd6 Bxf3+ 40. Kxf3 Qxa3+ 41. Kf4 Qb4+ 42. Ke5 Qb2+ 43. Kf4 Qc1+ 44. Ke5 Qb2+ 45. Kxf5 Qxb1+ 46. Ke5 Qb2+ 47. Kf5 Qc2+ 48. Ke5 Qc3+ 49. Kf4 Qb4+ 50. Kf3 Qc3+ 51. Kg2 Qd2+ 52. Kf3 Qd3+ 53. Kg2 a4 54. b6 Qc2+ 55. Kf3 Qc3+ 56. Kg2 Qb2+ 57. Kh3 a3 58. b7 a2 59. Qc8+ Kh7 60. Qf5+ Kh8 61. Nf7+ Kg8 62. Nxh6+ gxh6 63. Qg6+ Kf8 64. b8=Q+ Qxb8 65. Qxf6+ Kg8 66. Qg6+ Kf8 67. Qf6+ Kg8 68. Qg6+ Kf8 69. Qxh6+ Kf7 70. Qh5+ Kf6 71. Qf3+ Ke6 72. Qe2+ Kf6 73. Qxa2 Qc8+ 74. Kh2 Qb8 75. Qf2+ Kg7 76. Qf3 Kh8 77. Kh3 Qa7 78. Qh5+ Kg8 79. Qg4+ Kh8 80. Qf5 Qa1 81. h5 Kg8 82. Kg4 Kh8 83. Kg5 Qg7+ 84. Kh4 Qe7+ 85. Kh3 Qe1 86. Qf3 Qa1 87. g4 Kh7 88. Qf5+ Kh8 89. Kh4 Qe1+ 90. Kg5 Qe3+ 91. Qf4 Qc5+ 92. Kg6 Qc2+ 93. Qf5 Qc7 94. Qf6+ Kg8 95. Qe6+ Kf8 96. Qf5+ Kg8 97. Qd5+ Kf8 98. Kf5 Qc8+ 99. Kf4 Qc7+ 100. Qe5 Qc1+ 101. Kf5 Qc2+ 102. Kg5 Kg8 103. Qe8+ Kh7 104. Qg6+ Qxg6+ 105. hxg6+ Kg7 106. Kh5 Kg8 107. Kh6 Kh8 108. g7+ 1-0


[Site "https://www.chess.com"]

[Event "Titled Tuesday Blitz May 10 Late 2022"]
[White "Nazaretyan, Tigran"]
[Black "Prohorov, Olexandr"]
[WhiteFideId "24162345"]
[BlackFideId "14105578"]
[WhiteElo "2604"]
[BlackElo "2496"]
[Result "1-0"]
[Round "09"]
[TimeControl "180+1"]
[Date "2022.05.11"]
[WhiteClock "0:00:13"]
[BlackClock "0:00:01"]

1. d4 c5 2. d5 g6 3. e4 Bg7 4. Nf3 d6 5. Bb5+ Nd7 6. a4 Nf6 7. Nc3 a6 8. Be2 O-O 9. O-O b6 10. h3 Bb7 11. Re1 Qc7 12. Bf1 Rad8 13. Bf4 Ne5 14. Nxe5 dxe5 15. Bh2 Ne8 16. Bc4 Nd6 17. Qe2 Qc8 18. b3 Rfe8 19. Rf1 f6 20. Rae1 Bh6 21. Kh1 Kg7 22. f4 exf4 23. e5 Nf7 24. e6 Nd6 25. Bxf4 Bxf4 26. Rxf4 b5 27. axb5 axb5 28. Nxb5 Bxd5 29. Nxd6 Rxd6 30. Bxd5 Rxd5 31. Ra4 Qb8 32. Re4 Red8 33. Qf3 Rd2 34. R4e2 Rxe2 35. Qxe2 Qd6 36. Qc4 Qd2 37. Re2 Qa5 38. Re3 Qd2 39. Qe2 Qc1+ 40. Kh2 Rd1 41. Rd3 Rh1+ 42. Kg3 Qg5+ 43. Kf2 Qf4+ 44. Rf3 Qd4+ 45. Qe3 Qd1 46. Qe2 Qd4+ 47. Re3 Qf4+ 48. Qf3 1-0


[Site "https://www.chess.com"]

[Event "Titled Tuesday Blitz May 10 Late 2022"]
[White "Nozdrachev, Leonid"]
[Black "Estrada Nieto, Julian"]
[WhiteFideId "24113433"]
[BlackFideId "5101018"]
[WhiteElo "2255"]
[BlackElo "2252"]
[Result "1-0"]
[Round "09"]
[TimeControl "180+1"]
[Date "2022.05.11"]
[WhiteClock "0:01:41"]
[BlackClock "0:00:30"]

1. e4 e5 2. Nf3 Nc6 3. d4 exd4 4. Bc4 Bc5 5. c3 d6 6. cxd4 Bb6 7. Nc3 Nf6 8. Bg5 h6 9. Bh4 Bg4 10. Qb3 O-O 11. O-O-O Bxf3 12. gxf3 Nxd4 13. Qa4 Nxf3 14. Bg3 Qe8 15. Qc2 Nd4 16. Qd3 Nd7 17. f4 Nc5 18. Qb1 Na4 19. Nd5 Nc6 20. e5 dxe5 21. Nf6+ gxf6 22. Qg6+ Kh8 23. Qxh6+ Kg8 24. Bh4 Be3+ 25. Kb1 Nc3+ 26. bxc3 1-0


[Site "https://www.chess.com"]

[Event "Titled Tuesday Blitz May 10 Late 2022"]
[White "Omariev, Maksim"]
[Black "Aksu, Vedat Ali"]
[WhiteFideId "4193423"]
[BlackFideId "6304320"]
[WhiteElo "2486"]
[BlackElo "2188"]
[Result "0-1"]
[Round "09"]
[TimeControl "180+1"]
[Date "2022.05.11"]
[WhiteClock "0:00:01"]
[BlackClock "0:00:15"]

1. g4 d5 2. Bg2 c5 3. h3 Nc6 4. c4 h5 5. cxd5 Nb4 6. Nc3 hxg4 7. hxg4 Rxh1 8. Bxh1 Bxg4 9. a3 Nd3+ 10. Kf1 Nf4 11. Qa4+ Bd7 12. Qxf4 Nf6 13. d3 Qb6 14. Nf3 g6 15. Ne5 Bh3+ 16. Ke1 Rd8 17. Qa4+ Nd7 18. Nc4 Qc7 19. Be3 a6 20. Qa5 Qh2 21. Kd2 b5 22. Nb6 Qc7 23. b4 Nxb6 24. bxc5 Nxd5 25. Qxa6 Nxc3 26. Kxc3 Bg7+ 27. d4 Qxc5+ 28. Kd3 Bf5+ 29. Kd2 Rxd4+ 30. Bxd4 Qxd4+ 31. Ke1 Qxa1+ 32. Kd2 Qb2+ 33. Ke3 Qc3+ 34. Kf4 Be5+ 35. Kg5 Kf8 0-1


[Site "https://www.chess.com"]

[Event "Titled Tuesday Blitz May 10 Late 2022"]
[White "Papp, Levente"]
[Black "Derraugh, Geordie"]
[WhiteFideId "751243"]
[BlackFideId "2603950"]
[WhiteElo "2608"]
[BlackElo "2506"]
[Result "1-0"]
[Round "09"]
[TimeControl "180+1"]
[Date "2022.05.11"]
[WhiteClock "0:00:15"]
[BlackClock "0:00:04"]

1. c4 Nf6 2. Nc3 c5 3. Nf3 Nc6 4. e3 e5 5. d4 cxd4 6. exd4 exd4 7. Nxd4 Bb4 8. Nxc6 bxc6 9. Qc2 O-O 10. Be2 d5 11. a3 Bd6 12. cxd5 cxd5 13. Be3 Qc7 14. Rc1 Be5 15. Nb5 Qa5+ 16. b4 Qd8 17. Nd4 Bd7 18. O-O Re8 19. Rcd1 Rc8 20. Qb3 Bg4 21. Nf3 Rc3 22. Qa4 Bb8 23. Bd4 Rxf3 24. Bxf3 Qd6 25. g3 Bxf3 26. Bxf6 Rf8 27. Bd4 Qe6 28. Qb3 Qg4 29. Rd3 Be2 30. f3 Qf5 31. Rfd1 Bxd3 32. Qxd3 Qe6 33. Qc3 f6 34. Bf2 Qf7 35. Qc6 Rd8 36. b5 h6 37. a4 Be5 38. a5 d4 39. b6 axb6 40. axb6 Rb8 41. Bxd4 Bxd4+ 42. Rxd4 Qb7 43. Rd8+ Kh7 44. Qc2+ g6 45. Rxb8 Qxb8 46. Qc7+ 1-0


[Site "https://www.chess.com"]

[Event "Titled Tuesday Blitz May 10 Late 2022"]
[White "Perez Molina, Robinson"]
[Black "Aggelis, Nikolaos"]
[WhiteFideId "3403882"]
[BlackFideId "4213220"]
[WhiteElo "2477"]
[BlackElo "2582"]
[Result "1-0"]
[Round "09"]
[TimeControl "180+1"]
[Date "2022.05.11"]
[WhiteClock "0:01:43"]
[BlackClock "0:01:23"]

1. e4 c5 2. Nf3 e6 3. c4 Nc6 4. Nc3 Nf6 5. Be2 d5 6. cxd5 exd5 7. exd5 Nxd5 8. O-O Be7 9. d4 cxd4 10. Nxd4 O-O 11. Nxc6 bxc6 12. Nxd5 cxd5 13. Be3 Bf6 14. Bd4 Be6 15. Bf3 Rb8 16. Rc1 Rb4 17. Bc5 Rxb2 18. Bxf8 Kxf8 19. Qa4 d4 20. Qa3+ 1-0


[Site "https://www.chess.com"]

[Event "Titled Tuesday Blitz May 10 Late 2022"]
[White "Pesotskiy, Mikhail"]
[Black "Adla, Diego"]
[WhiteFideId "34164453"]
[BlackFideId "100072"]
[WhiteElo "2010"]
[BlackElo "2377"]
[Result "0-1"]
[Round "09"]
[TimeControl "180+1"]
[Date "2022.05.11"]
[WhiteClock "0:00:22"]
[BlackClock "0:00:20"]

1. d4 Nf6 2. c4 e6 3. Nc3 Bb4 4. Qc2 O-O 5. a3 Bxc3+ 6. Qxc3 d6 7. Bg5 Nbd7 8. g3 h6 9. Bxf6 Nxf6 10. Bg2 Qe7 11. Nf3 Re8 12. O-O e5 13. dxe5 dxe5 14. Rfd1 c6 15. b4 Bg4 16. h3 Bxf3 17. Bxf3 e4 18. Bg2 e3 19. f4 Rad8 20. Kh2 Qe6 21. Qc2 b6 22. c5 bxc5 23. Qxc5 Rd2 24. Qxc6 Qxc6 25. Bxc6 Rxe2+ 26. Kg1 Rc8 27. Rac1 Rd2 28. Bf3 Rxd1+ 29. Rxd1 Rc3 30. a4 e2 31. Bxe2 Rxg3+ 32. Kh2 Rb3 33. b5 Rb2 34. Re1 Nd5 35. Kg3 Nc3 36. Kf3 Nxa4 37. Rc1 Rb3+ 38. Kf2 Nc3 39. Bc4 Ra3 40. Re1 Kf8 41. Re5 Ra4 42. Rc5 Ne4+ 0-1


[Site "https://www.chess.com"]

[Event "Titled Tuesday Blitz May 10 Late 2022"]
[White "Petrova, Irina"]
[Black "Tomaszewski, Kacper"]
[WhiteFideId "14124122"]
[BlackFideId "1127373"]
[WhiteElo "1993"]
[BlackElo "2153"]
[Result "1/2-1/2"]
[Round "09"]
[TimeControl "180+1"]
[Date "2022.05.11"]
[WhiteClock "0:00:32"]
[BlackClock "0:00:58"]

1. e4 c5 2. Nf3 Nc6 3. Bb5 Nf6 4. Bxc6 dxc6 5. d3 Qc7 6. Nc3 e5 7. h3 Bd6 8. Be3 Be6 9. Qd2 h6 10. Nh4 O-O-O 11. Nf5 Bxf5 12. exf5 Nd5 13. O-O Ne7 14. Ne4 Nxf5 15. Bxc5 Bxc5 16. Nxc5 Nd4 17. Rfe1 Rhe8 18. b4 f5 19. a4 e4 20. c3 Ne6 21. Nxe6 Rxe6 22. d4 f4 23. b5 c5 24. Qa2 c4 25. a5 Rdd6 26. b6 axb6 27. axb6 Rxb6 28. Qa8+ Qb8 29. Qa4 Qc7 30. Qa8+ Qb8 31. Qa4 Qc7 32. Qa8+ 1/2-1/2


[Site "https://www.chess.com"]

[Event "Titled Tuesday Blitz May 10 Late 2022"]
[White "Petrovic, Aleksa"]
[Black "Sabar, Ethmane Daouda"]
[WhiteFideId "967629"]
[BlackFideId "19600097"]
[WhiteElo "2144"]
[BlackElo "1950"]
[Result "1-0"]
[Round "09"]
[TimeControl "180+1"]
[Date "2022.05.11"]
[WhiteClock "0:00:58"]
[BlackClock "0:00:10"]

1. d4 d5 2. c4 e5 3. dxe5 d4 4. Nf3 Nc6 5. a3 Bg4 6. b4 Bxf3 7. gxf3 Nxe5 8. f4 Nxc4 9. Qd3 Nb6 10. Qe4+ Be7 11. Qxb7 Nf6 12. Qc6+ Kf8 13. Nd2 Nbd5 14. Nf3 Nc3 15. Nxd4 Ncd5 16. Bg2 Rb8 17. Qc4 Nb6 18. Qd3 Qd6 19. Nc6 Qxd3 20. exd3 Re8 21. Nxe7 Rxe7+ 22. Be3 Nbd5 23. Kd2 g6 24. Bc5 Kg7 25. Bxd5 Nxd5 26. Bxe7 Nxe7 27. Rac1 Nd5 28. Rc5 Rd8 29. Re1 Nxf4 30. Rxc7 Rxd3+ 31. Kc2 Rxa3 32. Ree7 Nd5 33. Rxf7+ Kh6 34. Rxh7+ Kg5 35. h4+ Kf4 36. Rxa7 Nxb4+ 37. Kd2 Rh3 38. Ra4 1-0


[Site "https://www.chess.com"]

[Event "Titled Tuesday Blitz May 10 Late 2022"]
[White "Pinheiro, Iung Alicio de O."]
[Black "Ladan, Nicholas"]
[WhiteFideId "2104350"]
[BlackFideId "30918855"]
[WhiteElo "2283"]
[BlackElo "2167"]
[Result "1-0"]
[Round "09"]
[TimeControl "180+1"]
[Date "2022.05.11"]
[WhiteClock "0:00:13"]
[BlackClock "0:00:12"]

1. c4 c6 2. Qa4 e5 3. g3 Nf6 4. Bg2 Be7 5. Nf3 Qc7 6. d4 exd4 7. Nxd4 O-O 8. O-O d5 9. cxd5 Nxd5 10. e4 Nb4 11. Nc3 Rd8 12. Be3 b5 13. Qb3 a5 14. a4 N8a6 15. axb5 Nc5 16. Qc4 Qb6 17. Nb3 cxb5 18. Bxc5 Qc6 19. Qxb5 Bxc5 20. Qxc6 Bxf2+ 21. Rxf2 Nxc6 22. e5 Rb8 23. Nxa5 Nd4 24. Nc6 Nxc6 25. Bxc6 Be6 26. Raf1 Rb6 27. Be4 Rdb8 28. Bd5 Rxb2 29. Bxe6 fxe6 30. Ne4 Rxf2 31. Rxf2 Rb5 32. Rd2 Rxe5 33. Rd8+ Kf7 34. Nf2 Rd5 35. Rh8 h6 36. Ra8 Kf6 37. Kg2 g5 38. Kf3 h5 39. h3 Rf5+ 40. Kg2 h4 41. g4 Rf4 42. Nd3 Rd4 43. Rf8+ Kg6 44. Rf3 Rd5 45. Re3 Kf6 46. Kf3 e5 47. Nf2 Ke6 48. Ne4 Rd1 49. Nxg5+ Kd5 50. Ne4 Rh1 51. Kg2 Ra1 52. Nf2 Kd4 53. Re4+ Kd5 54. Rb4 Ra2 55. g5 e4 56. Rxe4 Ra6 57. Rxh4 Ke5 58. Rg4 Kf5 59. Rg3 Rg6 60. h4 Rg8 61. g6 Rxg6 62. Rxg6 Kxg6 63. Kg3 Kh5 64. Kh3 Kg6 65. Kg4 Kh6 66. h5 Kh7 67. Kg5 Kg7 68. h6+ Kh7 69. Kh5 Kg8 70. Kg6 Kh8 71. Nh3 Kg8 72. Ng5 Kh8 73. Nf7+ Kg8 74. h7+ Kf8 75. h8=Q+ Ke7 76. Qd8+ Ke6 77. Qd6# 1-0


[Site "https://www.chess.com"]